Workbook

Sheet CV
B1: NOMBRE | C1: Columna1 | D1: Denominación de puesto (Redactados con perspectiva de género) | E1: Denominación del cargo | F1: Área de adscripción
A2: TERRAZAS GARCIA VALENTINA | B2: TERRAZAS GARCIA VALENTINA | C2: =VLOOKUP(Tabla1[[#This Row],[NOMBRE ]],VIII!A3:F4581,1,0) -> TERRAZAS GARCIA VALENTINA | D2: LIDER DE PROYECTO | E2: LIDER DE PROYECTO DESPACHO DEL C PDTE MUNICIPAL | F2: PRESIDENCIA MUNICIPAL
A3: GABALDON RAMOS LORENA | B3: GABALDON RAMOS LORENA | C3: =VLOOKUP(Tabla1[[#This Row],[NOMBRE ]],VIII!A4:E4582,1,0) -> GABALDON RAMOS LORENA | D3: JEFE DE DEPARTAMENTO | E3: JEFE DE DEPARTAMENTO DE SEGUIMIENTO | F3: DIRECCION DE PLANEACION E INNOVACION GUBERNAMENTAL
A4: LOPEZ OLIVAS CARLOS ROGELIO | B4: LOPEZ OLIVAS CARLOS ROGELIO | C4: =VLOOKUP(Tabla1[[#This Row],[NOMBRE ]],VIII!A5:E4583,1,0) -> LOPEZ OLIVAS CARLOS ROGELIO | D4: JEFE DE DEPARTAMENTO | E4: JEFE DE DEPARTAMENTO DE SERVICIOS ADMINISTRATIVOS SEGURIDAD PUBLICA MPAL | F4: DIRECCION DE SEGURIDAD PUBLICA MUNICIPAL
A5: RONQUILLO GONZALEZ ANA ISABEL | B5: RONQUILLO GONZALEZ ANA ISABEL | C5: =VLOOKUP(Tabla1[[#This Row],[NOMBRE ]],VIII!A6:E4584,1,0) -> RONQUILLO GONZALEZ ANA ISABEL | D5: JEFE DE DEPARTAMENTO | E5: JEFE DE DEPARTAMENTO DE CONTABILIDAD | F5: TESORERIA MUNICIPAL
A6: RICO BOVIO LUIS HUMBERTO | B6: RICO BOVIO LUIS HUMBERTO | C6: =VLOOKUP(Tabla1[[#This Row],[NOMBRE ]],VIII!A7:E4585,1,0) -> RICO BOVIO LUIS HUMBERTO | D6: JEFE DE DEPARTAMENTO | E6: JEFE DE DEPARTAMENTO DE TRAMITES Y LICENCIAS | F6: DIRECCION DE DESARROLLO URBANO Y ECOLOGIA
A7: JURADO ALVAREZ KORINA BERENICE | B7: JURADO ALVAREZ KORINA BERENICE | C7: =VLOOKUP(Tabla1[[#This Row],[NOMBRE ]],VIII!A8:E4586,1,0) -> JURADO ALVAREZ KORINA BERENICE | D7: JEFE DE DEPARTAMENTO | E7: JEFE DE DEPARTAMENTO DE PAGOS | F7: TESORERIA MUNICIPAL
A8: QUINTANA MORENO MARIA DEL CARMEN | B8: QUINTANA MORENO MARIA DEL CARMEN | C8: =VLOOKUP(Tabla1[[#This Row],[NOMBRE ]],VIII!A9:E4587,1,0) -> QUINTANA MORENO MARIA DEL CARMEN | D8: JEFE DE DEPARTAMENTO | E8: JEFE DE DEPARTAMENTO APOYO TECNICO | F8: SECRETARIA DEL AYUNTAMIENTO
A9: MORENO AYUB FERNANDO RICARDO | B9: MORENO AYUB FERNANDO RICARDO | C9: =VLOOKUP(Tabla1[[#This Row],[NOMBRE ]],VIII!A10:E4588,1,0) -> MORENO AYUB FERNANDO RICARDO | D9: JEFE DE DEPARTAMENTO | E9: JEFE DE DEPARTAMENTO UNIDAD SUBCOORDINACION DE COMUNICACION SOCIAL | F9: COORDINACION DE COMUNICACION SOCIAL
A10: RAMOS RENOVATO NORMA LETICIA | B10: RAMOS RENOVATO NORMA LETICIA | C10: =VLOOKUP(Tabla1[[#This Row],[NOMBRE ]],VIII!A11:E4589,1,0) -> RAMOS RENOVATO NORMA LETICIA | D10: JEFE DE DEPARTAMENTO | E10: JEFE DE DEPARTAMENTO DESPACHO DEL C COORDINADOR DE CONTROL Y PROCEDIMIENTOS ADMVOS | F10: OFICIALIA MAYOR
A11: CAZARES PALACIO SANDRA PAOLA | B11: CAZARES PALACIO SANDRA PAOLA | C11: =VLOOKUP(Tabla1[[#This Row],[NOMBRE ]],VIII!A12:E4590,1,0) -> CAZARES PALACIO SANDRA PAOLA | D11: JEFE DE DEPARTAMENTO | E11: JEFE DE DEPARTAMENTO DE PROCEDIMIENTOS LEGALES | F11: TESORERIA MUNICIPAL
A12: NATIVIDAD GARCIA ARACELI JOSEFINA | B12: NATIVIDAD GARCIA ARACELI JOSEFINA | C12: =VLOOKUP(Tabla1[[#This Row],[NOMBRE ]],VIII!A13:E4591,1,0) -> NATIVIDAD GARCIA ARACELI JOSEFINA | D12: SUBDIRECTOR | E12: SUBDIRECTOR.DESPACHO DEL SUBIDRECTOR EGRESOS | F12: TESORERIA MUNICIPAL
A13: MODESTO TERRAZAS ROBERTO RAUL | B13: MODESTO TERRAZAS ROBERTO RAUL | C13: =VLOOKUP(Tabla1[[#This Row],[NOMBRE ]],VIII!A14:E4592,1,0) -> MODESTO TERRAZAS ROBERTO RAUL | D13: JEFE DE DEPARTAMENTO | E13: JEFE DE DEPARTAMENTO DE PROMOCION PREVENCION Y RESTAURACION AMBIENTAL | F13: DIRECCION DE DESARROLLO URBANO Y ECOLOGIA
A14: AYALA PEREZ KENIA ROCIO | B14: AYALA PEREZ KENIA ROCIO | C14: =VLOOKUP(Tabla1[[#This Row],[NOMBRE ]],VIII!A15:E4593,1,0) -> AYALA PEREZ KENIA ROCIO | D14: LIDER DE PROYECTO | E14: LIDER DE PROYECTO.DEPARTAMENTO REL LABORALES Y PRESTACIONES | F14: OFICIALIA MAYOR
... A408: RIVERA MACIAS IVAN JOEL | B408: RIVERA MACIAS IVAN JOEL | C408: =VLOOKUP(Tabla1[[#This Row],[NOMBRE ]],VIII!A409:E4987,1,0) -> #N/A | D408: COORDINADOR DE PROTECCION CIVIL | E408: COORDINADOR DE PROTECCION CIVIL DEL COORDINADOR DE PROTECCION CIVIL | F408: SECRETARIA DEL AYUNTAMIENTO

Sheet VIII
A1: Columna1 | B1: Columna12 | C1: Columna2 | D1: Columna22 | E1: Columna3 | F1: Columna4 | G1: Columna5
A2: nombre | B2: =VLOOKUP(A2,Tabla1[],1,0) -> #N/A | C2: Denominación o descripción del puesto (Redactados con perspectiva de género) | D2: =VLOOKUP(Tabla2[[#This Row],[Columna1]],Tabla1[],3,0) -> #N/A | E2: Denominación del cargo (de conformidad con el nombramiento otorgado) | F2: Área de adscripción | G2: =VLOOKUP(Tabla2[[#This Row],[Columna1]],Tabla1[],5,0) -> #N/A
A3: RIOS ARMENDARIZ MARCELA IVETH | B3: =VLOOKUP(A3,Tabla1[],1,0) -> #N/A | C3: PERSONAL ESPECIALIZADO | D3: =VLOOKUP(Tabla2[[#This Row],[Columna1]],Tabla1[],3,0) -> #N/A | E3: PERSONAL ESPECIALIZADO.DESPACHO AYUNTAMIENTO | F3: AYUNTAMIENTO | G3: =VLOOKUP(Tabla2[[#This Row],[Columna1]],Tabla1[],5,0) -> #N/A
A4: GUERRERO BARAY VELINA AIDE | B4: =VLOOKUP(A4,Tabla1[],1,0) -> #N/A | C4: PERSONAL ESPECIALIZADO | D4: =VLOOKUP(Tabla2[[#This Row],[Columna1]],Tabla1[],3,0) -> #N/A | E4: PERSONAL ESPECIALIZADO.DESPACHO AYUNTAMIENTO | F4: AYUNTAMIENTO | G4: =VLOOKUP(Tabla2[[#This Row],[Columna1]],Tabla1[],5,0) -> #N/A
A5: AVILA GARCIA ROSARIO GUADALUPE | B5: =VLOOKUP(A5,Tabla1[],1,0) -> AVILA GARCIA ROSARIO GUADALUPE | C5: REGIDOR | D5: =VLOOKUP(Tabla2[[#This Row],[Columna1]],Tabla1[],3,0) -> REGIDOR | E5: REGIDOR.DESPACHO AYUNTAMIENTO | F5: AYUNTAMIENTO | G5: =VLOOKUP(Tabla2[[#This Row],[Columna1]],Tabla1[],5,0) -> AYUNTAMIENTO
A6: MARTINEZ DIAZ ROSA ISELA | B6: =VLOOKUP(A6,Tabla1[],1,0) -> MARTINEZ DIAZ ROSA ISELA | C6: REGIDOR | D6: =VLOOKUP(Tabla2[[#This Row],[Columna1]],Tabla1[],3,0) -> REGIDOR | E6: REGIDOR.DESPACHO AYUNTAMIENTO | F6: AYUNTAMIENTO | G6: =VLOOKUP(Tabla2[[#This Row],[Columna1]],Tabla1[],5,0) -> AYUNTAMIENTO
A7: ARAGON CASTILLO MARIA GUADALUPE | B7: =VLOOKUP(A7,Tabla1[],1,0) -> ARAGON CASTILLO MARIA GUADALUPE | C7: REGIDOR | D7: =VLOOKUP(Tabla2[[#This Row],[Columna1]],Tabla1[],3,0) -> REGIDOR | E7: REGIDOR.DESPACHO AYUNTAMIENTO | F7: AYUNTAMIENTO | G7: =VLOOKUP(Tabla2[[#This Row],[Columna1]],Tabla1[],5,0) -> AYUNTAMIENTO
A8: GARCIA MURILLO BERNARDINA | B8: =VLOOKUP(A8,Tabla1[],1,0) -> GARCIA MURILLO BERNARDINA | C8: REGIDOR | D8: =VLOOKUP(Tabla2[[#This Row],[Columna1]],Tabla1[],3,0) -> REGIDOR | E8: REGIDOR.DESPACHO AYUNTAMIENTO | F8: AYUNTAMIENTO | G8: =VLOOKUP(Tabla2[[#This Row],[Columna1]],Tabla1[],5,0) -> AYUNTAMIENTO
A9: GONZALEZ MUÑIZ HUGO EDUARDO | B9: =VLOOKUP(A9,Tabla1[],1,0) -> GONZALEZ MUÑIZ HUGO EDUARDO | C9: REGIDOR | D9: =VLOOKUP(Tabla2[[#This Row],[Columna1]],Tabla1[],3,0) -> REGIDOR | E9: REGIDOR.DESPACHO AYUNTAMIENTO | F9: AYUNTAMIENTO | G9: =VLOOKUP(Tabla2[[#This Row],[Columna1]],Tabla1[],5,0) -> AYUNTAMIENTO
A10: NAVARRETE PAZ JOSE ALFREDO | B10: =VLOOKUP(A10,Tabla1[],1,0) -> NAVARRETE PAZ JOSE ALFREDO | C10: REGIDOR | D10: =VLOOKUP(Tabla2[[#This Row],[Columna1]],Tabla1[],3,0) -> REGIDOR | E10: REGIDOR.DESPACHO AYUNTAMIENTO | F10: AYUNTAMIENTO | G10: =VLOOKUP(Tabla2[[#This Row],[Columna1]],Tabla1[],5,0) -> AYUNTAMIENTO
A11: BORRUEL BAQUERA MARIA GUADALUPE | B11: =VLOOKUP(A11,Tabla1[],1,0) -> BORRUEL BAQUERA MARIA GUADALUPE | C11: REGIDOR | D11: =VLOOKUP(Tabla2[[#This Row],[Columna1]],Tabla1[],3,0) -> REGIDOR | E11: REGIDOR.DESPACHO AYUNTAMIENTO | F11: AYUNTAMIENTO | G11: =VLOOKUP(Tabla2[[#This Row],[Columna1]],Tabla1[],5,0) -> AYUNTAMIENTO
A12: BARAJAS GONZALEZ JONI JACINTA | B12: =VLOOKUP(A12,Tabla1[],1,0) -> BARAJAS GONZALEZ JONI JACINTA | C12: REGIDOR | D12: =VLOOKUP(Tabla2[[#This Row],[Columna1]],Tabla1[],3,0) -> REGIDOR | E12: REGIDOR.DESPACHO AYUNTAMIENTO | F12: AYUNTAMIENTO | G12: =VLOOKUP(Tabla2[[#This Row],[Columna1]],Tabla1[],5,0) -> AYUNTAMIENTO
A13: ULATE BERNAL BLANCA PATRICIA | B13: =VLOOKUP(A13,Tabla1[],1,0) -> ULATE BERNAL BLANCA PATRICIA | C13: REGIDOR | D13: =VLOOKUP(Tabla2[[#This Row],[Columna1]],Tabla1[],3,0) -> REGIDOR | E13: REGIDOR.DESPACHO AYUNTAMIENTO | F13: AYUNTAMIENTO | G13: =VLOOKUP(Tabla2[[#This Row],[Columna1]],Tabla1[],5,0) -> AYUNTAMIENTO
... A4581: MURILLO CHAVEZ EVA MARIA | B4581: =VLOOKUP(A4581,Tabla1[],1,0) -> #N/A | C4581: PERSONAL ESPECIALIZADO | D4581: =VLOOKUP(Tabla2[[#This Row],[Columna1]],Tabla1[],3,0) -> #N/A | E4581: PERSONAL ESPECIALIZADO.DEPARTAMENTO DE CAMBIO CLIMATICO | F4581: COORDINACION DE MEDIO AMBIENTE Y PROTECCION ANIMAL | G4581: =VLOOKUP(Tabla2[[#This Row],[Columna1]],Tabla1[],5,0) -> #N/A
